Map: Dusk Towers

Players

Elazer

  • Race: Zerg Zerg

INnoVation - Winner!

  • Race: Terran Terran

Event: NationWars III

VOD

Have the link to the VOD?

Description

Time

  • Played on: Jan. 3, 2016, 9:43 a.m.
  • Length: 13:45
Show
View Real Time Build Order
Export as new Build Order

Elazer Zerg 

Build Orders: Hatch First 

Get SALT Encoding   

  12  0:00  Drone  
  13  0:12  Overlord  
  13  0:17  Drone  
  14  0:30  Drone x2  
  14  0:34  Drone  
  17  0:51  Hatchery  
  17  0:54  Drone  
  17  0:57  Drone  
  18  1:08  Extractor  
  17  1:12  Spawning Pool  
  17  1:15  Drone  
  17  1:18  Drone  
  18  1:27  Drone  
  19  1:38  Overlord  
  19  1:59  Zergling x2, Queen  
  19  2:00  Zergling x2  
  23  2:03  Drone, Queen  
  26  2:08  Metabolic Boost  
  26  2:12  Drone  
  26  2:14  Drone  
  28  2:21  Drone  
  29  2:26  Drone  
  30  2:33  Hatchery  
  29  2:40  Queen  
  31  2:44  Overlord  
  31  2:49  Drone x2  
  33  2:53  Drone  
  33  2:56  Drone  
  35  3:00  Drone  
  35  3:05  Drone  
  37  3:06  Drone x2  
  37  3:08  Drone x2  
  41  3:15  Drone  
  41  3:17  Queen  
  44  3:20  Overlord  
  44  3:29  Extractor x2  
  44  3:31  Drone x2, Roach Warren  
  43  3:34  Drone  
  43  3:39  Drone x3  
  46  3:45  Drone  
  46  3:46  Drone x2  
  48  3:50  Queen  
  50  4:00  Overlord  
  50  4:09  Drone  
  51  4:10  Spore Crawler  
  51  4:13  Roach x4  
  57  4:19  Drone  
  57  4:20  Drone  
  57  4:23  Roach  
  57  4:24  Roach x2  
  65  4:34  Overlord  
  65  4:52  Overlord, Roach x2  
  63  5:04  Spore Crawler  
  63  5:05  Lair  
  63  5:06  Drone x2  
  64  5:07  Evolution Chamber  
  64  5:08  Evolution Chamber  
  64  5:09  Drone x8  
  70  5:15  Drone x2  
  70  5:16  Drone x3  
  70  5:18  Drone  
  76  5:26  Overlord  
  74  5:29  Drone x2  
  74  5:32  Drone  
  74  5:33  Zerg Missile Weapons Level 1  
  74  5:34  Zerg Ground Armor Level 1  
  77  5:37  Drone x4  
  77  5:39  Extractor  
  77  5:40  Extractor  
  77  5:42  Overlord  
  79  5:45  Drone x3  
  82  5:51  Ravager x2  
  82  5:52  Ravager x2  
  82  5:55  Drone x3  
  89  6:01  Overlord x2  
  89  6:07  Overseer  
  89  6:14  Glial Reconstitution  
  89  6:17  Roach  
  89  6:18  Overseer, Roach x3  
  97  6:20  Overlord, Queen  
  97  6:25  Hatchery  
  98  6:28  Infestation Pit  
  98  6:30  Drone  
  98  6:31  Spore Crawler  
  97  6:33  Roach x5  
  97  6:35  Overlord  
  107  6:40  Drone  
  107  6:41  Extractor  
  107  6:42  Drone x3  
  107  6:45  Overlord x2  
  110  6:49  Overlord x2  
  110  6:56  Roach x4  
  118  7:02  Roach x2  
  122  7:10  Roach x2  
  122  7:14  Roach x3  
  122  7:15  Roach x4  
  140  7:18  Overseer  
  140  7:24  Roach x5  
  140  7:28  Overlord  
  140  7:29  Zerg Missile Weapons Level 2  
  150  7:35  Zerg Ground Armor Level 2  
  150  7:38  Roach  
  150  7:39  Roach x2  
  150  7:42  Roach x2  
  160  7:46  Roach x2  
  164  7:54  Roach x2  
  164  7:56  Hive  
  164  7:57  Overlord  
  168  8:03  Overlord x2  
  162  8:21  Roach x6  
  162  8:22  Roach x3  
  162  8:25  Ravager  
  162  8:26  Ravager x3  
  119  8:44  Drone x3  
  119  8:45  Drone x2  
  119  8:46  Roach  
  119  8:47  Roach x12  
  133  8:51  Infestor  
  133  8:54  Drone  
  136  8:55  Drone  
  136  8:56  Extractor  
  136  8:59  Spore Crawler  
  136  9:00  Extractor  
  136  9:01  Infestor  
  136  9:10  Ultralisk Cavern  
  136  9:11  Drone x5  
  136  9:12  Drone  
  136  9:16  Drone x3  
  144  9:23  Overlord  
  144  9:28  Spore Crawler  
  143  9:32  Ravager x5  
  143  9:37  Overlord  
  148  9:40  Roach x6  
  148  9:41  Overlord, Roach x3  
  148  9:45  Overlord  
  157  10:00  Chitinous Plating  
  157  10:05  Ultralisk  
  162  10:12  Hatchery  
  139  10:22  Roach  
  139  10:23  Roach x7  
  139  10:24  Ultralisk  
  161  10:34  Ultralisk  
  165  10:44  Ultralisk  
  165  10:47  Zerg Melee Weapons Level 1  
  171  10:56  Ultralisk  
  177  11:08  Ultralisk  
  177  11:09  Drone x2  
  177  11:10  Drone x3  
  184  11:13  Extractor  
  184  11:18  Hatchery  
  180  11:20  Queen  
  180  11:25  Drone  
  180  11:26  Drone  
  182  11:37  Drone x2, Extractor  
  183  11:42  Spore Crawler, Extractor  
  183  11:45  Spine Crawler  
  180  11:48  Spine Crawler  
  179  11:54  Ultralisk x2  
  179  11:57  Drone  
  191  12:04  Infestor x2  
  195  12:17  Spine Crawler  
  195  12:18  Ultralisk  
  172  12:37  Ultralisk x2  
  172  12:42  Ultralisk  
  188  12:49  Ultralisk  
  194  12:58  Ultralisk  
  194  12:59  Zergling x12  
  171  13:16  Zergling x6  
Show
View Real Time Build Order
Export as new Build Order

INnoVation Terran - Winner!

Build Orders: Hellion Opening, Bio Tank 

Get SALT Encoding   

  12  0:01  SCV  
  13  0:13  SCV  
  14  0:17  Supply Depot  
  14  0:25  SCV  
  15  0:39  SCV  
  15  0:40  Barracks  
  16  0:44  Refinery  
  16  0:51  SCV  
  17  1:03  SCV  
  18  1:15  SCV  
  19  1:27  Barracks Reactor, Orbital Command  
  19  1:40  Command Center  
  19  1:48  Supply Depot  
  19  1:53  SCV  
  20  2:03  Marine x2  
  20  2:08  Factory  
  22  2:09  SCV  
  23  2:17  Refinery  
  23  2:21  SCV, Marine  
  23  2:22  Marine  
  26  2:33  SCV  
  27  2:38  Marine  
  27  2:40  Marine  
  29  2:45  SCV  
  30  2:52  Starport, Orbital Command  
  30  2:57  SCV  
  31  3:02  Hellion  
  31  3:04  Hellion  
  35  3:09  Marine  
  35  3:10  SCV  
  37  3:15  Supply Depot  
  37  3:19  SCV  
  38  3:25  Hellion  
  40  3:28  Hellion  
  40  3:30  Medivac  
  45  3:36  Armory  
  45  3:38  Marine  
  45  3:43  SCV  
  45  3:44  SCV  
  45  3:47  Supply Depot  
  47  3:51  Hellion  
  47  3:54  Hellion  
  51  3:58  SCV x2  
  51  4:00  Barracks Tech Lab  
  53  4:09  Supply Depot  
  53  4:12  Hellion  
  53  4:16  Hellion  
  57  4:17  SCV x2  
  57  4:19  Stimpack  
  59  4:30  SCV x2  
  61  4:33  Hellion  
  61  4:37  Hellion  
  65  4:41  Starport Tech Lab  
  65  4:42  SCV x2  
  59  4:54  SCV x2  
  56  5:02  Widow Mine x2  
  56  5:04  Marine  
  56  5:05  Banshee  
  56  5:06  SCV x2  
  62  5:11  Command Center  
  62  5:18  SCV x2  
  63  5:21  Hellion  
  63  5:26  Marine  
  63  5:30  SCV x2  
  65  5:38  Barracks  
  65  5:39  Barracks  
  65  5:40  Factory Reactor  
  65  5:42  SCV x2  
  67  5:44  Marine  
  68  5:54  Supply Depot, SCV x2  
  68  5:55  Refinery, Engineering Bay  
  68  5:56  Refinery, Engineering Bay  
  70  6:09  SCV x2, Starport Reactor  
  70  6:10  Barracks  
  65  6:11  Barracks  
  65  6:12  Marine  
  65  6:17  Supply Depot  
  64  6:21  SCV x2  
  64  6:22  Terran Infantry Weapons Level 1, Terran Infantry Armor Level 1  
  64  6:23  Orbital Command  
  66  6:28  Combat Shields, Marine  
  66  6:29  Marine  
  66  6:30  Marine  
  66  6:31  Supply Depot  
  66  6:32  Siege Tank  
  70  6:37  Marine x2  
  70  6:38  SCV  
  70  6:39  SCV  
  72  6:44  Orbital Command  
  72  6:45  Supply Depot  
  72  6:46  Marine x2  
  74  6:47  Marine  
  74  6:50  SCV  
  74  6:51  SCV  
  77  6:54  Marine  
  77  6:55  Marine  
  77  6:56  Medivac x2  
  77  6:57  Barracks Reactor  
  77  6:58  Barracks Reactor  
  83  7:04  SCV x2  
  83  7:07  Refinery  
  83  7:08  Siege Tank  
  88  7:09  SCV  
  88  7:10  Refinery  
  89  7:16  Marauder, Marine x3  
  89  7:18  Marine  
  89  7:20  SCV x2  
  89  7:22  SCV  
  98  7:26  Factory, Medivac  
  98  7:28  Medivac  
  102  7:33  Marine  
  102  7:34  SCV x3, Marine  
  102  7:35  Marine x4  
  111  7:40  Supply Depot  
  111  7:45  Supply Depot  
  111  7:46  Siege Tank  
  111  7:51  Supply Depot  
  113  7:54  Marine x4  
  117  8:01  Medivac, Marine x3  
  124  8:06  Marine  
  124  8:07  Marauder  
  124  8:10  Factory Tech Lab  
  124  8:12  Supply Depot, Marine x4  
  124  8:18  Siege Tank  
  124  8:19  Marine x3  
  117  8:25  SCV x2, Orbital Command  
  107  8:28  Marauder, Marine  
  107  8:29  Marine  
  107  8:30  Marine x3  
  110  8:37  Medivac x2, Marine x3  
  110  8:40  SCV  
  110  8:41  SCV  
  104  8:43  Terran Infantry Armor Level 2  
  104  8:45  Terran Infantry Weapons Level 2  
  104  8:46  Marine  
  105  8:50  Siege Tank  
  105  8:52  SCV  
  105  8:53  SCV x2  
  111  9:05  SCV x3  
  111  9:09  Factory  
  114  9:12  Missile Turret  
  114  9:15  Marauder, Marine x5  
  114  9:16  Concussive Shells  
  122  9:17  SCV x3  
  122  9:23  Siege Tank  
  127  9:33  SCV x3  
  127  9:36  Supply Depot  
  127  9:38  Command Center  
  130  9:40  Supply Depot  
  130  9:42  Marauder, Marine  
  133  9:52  Medivac, Marine  
  133  9:58  Medivac, Marine x6  
  141  10:01  Marine  
  141  10:03  Factory Tech Lab  
  141  10:04  Siege Tank, Marauder  
  147  10:10  Marine  
  147  10:11  Supply Depot x2  
  147  10:12  Supply Depot  
  148  10:16  Marine  
  148  10:17  Marine x5  
  148  10:19  Marine  
  133  10:23  Siege Tank  
  133  10:25  Marauder  
  133  10:26  Terran Vehicle Weapons Level 1  
  133  10:28  Marine  
  137  10:33  Marine  
  137  10:36  Siege Tank  
  137  10:41  Medivac x2  
  142  10:50  Marauder, Marine x3  
  142  10:54  Barracks Tech Lab  
  142  10:55  SCV x2  
  142  10:56  SCV, Barracks Tech Lab  
  150  10:58  Thor  
  153  11:08  Thor  
  155  11:15  Marauder x2  
  155  11:16  Marauder  
  161  11:32  Planetary Fortress  
  161  11:36  Marine x4, Marauder x2  
  161  11:37  Marauder  
  175  11:40  Refinery x2  
  175  11:41  Supply Depot  
  171  11:58  Thor  
  171  12:00  Marauder x3, Marine x3  
  171  12:01  Marine  
  186  12:14  Thor  
  192  12:22  Marauder x2  
  196  12:25  Barracks x2  
  196  12:28  Marauder  
  193  12:34  Command Center  
  181  12:38  Medivac x2  
  181  12:44  Thor  
  191  12:49  Marauder x2, Marine  
  196  13:06  Marine x2  
  196  13:07  Marauder  
  196  13:08  Marine  
  196  13:11  Marauder  
  196  13:12  Marauder  
  194  13:20  Barracks Tech Lab x2  
  194  13:22  Marine  
  194  13:24  Marine  
Tags
 
Add a new tag
Caveats
  • Supply blocks, unpowered buildings, or Contaminate may cause inaccurate times.
  • Supply counts are checked every 10 seconds.